 Dungeon Crawl Stone Soup version 0.21.1-1-g345015f (webtiles) character file.

625 shakethe the Cudgeler (level 7, 0/44 HPs)
             Began as a Gargoyle Fighter on Feb 14, 2018.
             Slain by a wyvern (11 damage)
             ... on level 4 of the Dungeon.
             The game lasted 00:08:37 (3879 turns).

shakethe the Cudgeler (Gargoyle Fighter)            Turns: 3879, Time: 00:08:38

Health: 0/44       AC: 13    Str: 19    XL:     7   Next: 47%
Magic:  7/7        EV:  7    Int:  9    God:
Gold:   268        SH:  9    Dex: 11    Spells: 6/6 levels left

rFire    . . .     SeeInvis .   B - +1 mace (holy)
rCold    . . .     Gourm    .   c - +0 shield
rNeg     + . .     Faith    .   b - +0 scale mail
rPois    ∞         Spirit   .   (no helmet)
rElec    +         Reflect  .   d - +0 cloak
rCorr    .         Harm     .   (no gloves)
MR       .....                  (no boots)
Stlth    ..........             (no amulet)
HPRegen  0.14/turn              (no ring)
MPRegen  0.10/turn              (no ring)

@: no status effects
A: negative energy resistance 1, electricity resistance, unbreathing,
petrification resistance, rot immunity, AC +4
a: no special abilities


You were on level 4 of the Dungeon.
You were hungry.

You visited 1 branch of the dungeon, and saw 4 of its levels.

You collected 268 gold pieces.

Inventory:

Hand Weapons
 B - a +1 mace of holy wrath (weapon)
   (You found it on level 4 of the Dungeon)
Missiles
 x - 4 tomahawks of returning (quivered)
Armour
 b - a +0 scale mail (worn)
 c - a +0 shield (worn)
 d - a +0 cloak (worn)
   (You took it off Crazy Yiuf on level 4 of the Dungeon)
Scrolls
 g - 2 scrolls of amnesia {unknown}
 i - 5 scrolls of remove curse {unknown}
 k - a scroll of teleportation {unknown}
 l - a scroll of magic mapping {unknown}
 m - a scroll of enchant weapon {unknown}
 q - 3 scrolls of identify {unknown}
 r - a scroll of blinking {unknown}
 u - a scroll of noise {unknown}
 v - a scroll of fear {unknown}
 A - a scroll of enchant armour {unknown}
Potions
 e - a potion of heal wounds {unknown}
 h - a potion of berserk rage {unknown}
 j - 3 potions of curing {unknown}
 o - 2 potions of lignification {unknown}
 p - a potion of flight {unknown}
 s - a potion of cancellation {unknown}
 t - 2 potions of degeneration {unknown}
 w - a potion of agility {unknown}
Comestibles
 f - 7 rations


   Skills:
 + Level 5.0 Fighting
 * Level 5.2 Maces & Flails
 + Level 5.0 Armour
 + Level 5.1 Shields


You had 6 spell levels left.
You didn't know any spells.

Dungeon Overview and Level Annotations

Branches:
Dungeon (4/15)
 Temple: D:4-7

Altars:


Innate Abilities, Weirdness & Mutations

You are resistant to torment.
Your stone body is resilient. (AC +4)
You are immune to poison.
You resist negative energy. (rN+)
You are resistant to electric shocks. (rElec)
You can survive without breathing.
You are immune to petrification.
You are immune to rotting.


Message History

q - 3 scrolls labeled ZUBIUC ROASI (gained 1)
You feel a little less mighty now.
You regained 5 hp, and now have 33/44 hp.
f - 7 rations (gained 1)
You open the door.
There is an open door here.
You see here a leather armour.
There is an open door here.
Found a stone staircase leading up.
Health restored: 44 No target in view!
No target in view!
No target in view!
No target in view!
No target in view!
No target in view!
No target in view!
No target in view!
No target in view!
No target in view!
No target in view!
No target in view!
An orc comes into view.
The orc shouts!
You are feeling hungry.
You block the orc's attack.
You closely miss the orc. The orc hits you but does no damage. x2
You hit the orc. You block the orc's attack.
You closely miss the orc. The orc hits you but does no damage.
You hit the orc. The orc hits you but does no damage.
You hit the orc. The orc hits you but does no damage.
The orc closely misses you.
You closely miss the orc. The orc hits you but does no damage.
You hit the orc.
You kill the orc!
No target in view!
No target in view!
No target in view!
No target in view!
No target in view!
No target in view!
No target in view!
No target in view!
No target in view!
No target in view!
You now have 268 gold pieces (gained 13).
The giant cockroach is too close now for your liking.
You hit the giant cockroach but do no damage.
You block the giant cockroach's attack.
The giant cockroach bites you but does no damage.
You closely miss the giant cockroach. The giant cockroach barely misses you.
Your shield and scale mail prevent you from hitting the giant cockroach.
You block the giant cockroach's attack.
The giant cockroach bites you but does no damage.
You hit the giant cockroach but do no damage.
The giant cockroach barely misses you.
You barely miss the giant cockroach. You block the giant cockroach's attack.
The giant cockroach bites you.
You take 2 damage, and have 42/44 hp.
You barely miss the giant cockroach. You block the giant cockroach's attack.
You closely miss the giant cockroach. You block the giant cockroach's attack.
The giant cockroach barely misses you.
You closely miss the giant cockroach. You block the giant cockroach's attack.
You sock the giant cockroach!
You kill the giant cockroach!
No target in view!
No target in view!
No target in view!
No target in view!
No target in view!
No target in view!
No target in view!
No target in view!
A wyvern comes into view.
Health restored: 44 You enter the shallow water.
Moving in this stuff is going to be slow.
You block the wyvern's attack. x2
You hit the wyvern but do no damage. The wyvern closely misses you. x2
You closely miss the wyvern. You block the wyvern's attack.
The wyvern completely misses you.
Your unstable footing causes you to fumble your attack.
The wyvern closely misses you. x2
You closely miss the wyvern. The wyvern barely misses you.
You block the wyvern's attack.
You hit the wyvern. The wyvern barely misses you. The wyvern bites you!
You take 14 damage, and have 30/44 hp.
MASSIVE DAMAGE!!
Your unstable footing causes you to fumble your attack.
The wyvern bites you!
You take 11 damage, and have 19/44 hp.
MASSIVE DAMAGE!!
The wyvern bites you but does no damage.
The wyvern barely misses you. You block the wyvern's attack.
The wyvern bites you!
* * * LOW HITPOINT WARNING * * *
You take 9 damage, and have 10/44 hp.
MASSIVE DAMAGE!!
The wyvern bites you!
You die...

.≈≈≈≈≈..#
#....
≈≈♣♣♣≈≈.#
#.... .≈
♣≈..# #....
≈≈♣♣♣≈..#
#....
≈≈≈≈≈≈..#
#....
.≈......#
#####
.≈≈≈≈≈..# ♣
.≈♣♣♣≈≈.#
♣≈≈≈ ♣≈≈@#
♣≈.≈♣♣♣≈≈l#
≈≈.≈≈≈≈≈..#
≈...≈.≈≈≈.#
###########


You could see a wyvern.

Vanquished Creatures
  An ogre (D:4)
  A scorpion (D:4)
  A bullfrog zombie (D:4)
  A hound (D:4)
  Crazy Yiuf (D:4)
  A centaur skeleton (D:4)
  Natasha (thrice) (D:3)
  An orc wizard (D:4)
  3 worker ants (D:4)
  A howler monkey skeleton (D:3)
  8 adders
  3 gnolls (D:3)
  2 oozes (D:3)
  A worm (D:3)
  A dart slug (D:3)
  3 leopard geckos
  6 orcs
  10 giant cockroaches
  12 goblins
  4 hobgoblins
  6 kobolds
  2 ball pythons
  5 bats
  2 frilled lizards (D:1)
  5 rats
  A fungus (D:4)
85 creatures vanquished.

Notes
Turn   | Place    | Note
-------+----------+-------------------------------------------
     0 | D:1      | shakethe the Gargoyle Fighter began the quest for the Orb.
     0 | D:1      | Reached XP level 1. HP: 14/14 MP: 1/1
   140 | D:1      | Reached XP level 2. HP: 19/19 MP: 2/2
   336 | D:1      | Reached XP level 3. HP: 23/23 MP: 3/3
   839 | D:2      | Reached skill level 3 in Maces & Flails
   881 | D:2      | Reached XP level 4. HP: 29/29 MP: 4/4
  1547 | D:3      | Noticed Natasha
  1557 | D:3      | Killed Natasha
  1557 | D:3      | Reached skill level 4 in Shields
  1564 | D:3      | Reached skill level 4 in Fighting
  1758 | D:3      | Reached skill level 4 in Armour
  1758 | D:3      | Reached XP level 5. HP: 23/33 MP: 5/5
  2050 | D:3      | Noticed Natasha
  2056 | D:3      | Killed Natasha
  2325 | D:3      | Noticed Natasha
  2332 | D:3      | Killed Natasha
  2332 | D:3      | Reached skill level 4 in Maces & Flails
  2332 | D:3      | Reached XP level 6. HP: 21/39 MP: 6/6
  2843 | D:4      | HP: 7/39 [worker ant (4)]
  3099 | D:4      | Reached XP level 7. HP: 18/44 MP: 7/7
  3299 | D:4      | Reached skill level 5 in Maces & Flails
  3299 | D:4      | Reached skill level 5 in Shields
  3553 | D:4      | Reached skill level 5 in Fighting
  3597 | D:4      | Found a runed door.
  3601 | D:4      | Noticed Crazy Yiuf
  3607 | D:4      | Killed Crazy Yiuf
  3607 | D:4      | Reached skill level 5 in Armour
  3866 | D:4      | Noticed a wyvern
  3877 | D:4      | HP: 10/44 [wyvern (9)]
  3879 | D:4      | Slain by a wyvern

Skill      XL: |  1  2  3  4  5  6  7 |
---------------+----------------------+-----
Maces & Flails | 3 4 5 |  5.2
Shields        | 4 5 |  5.1
Fighting       | 4 5 |  5.0
Armour         | 4 5 |  5.0

Action                   |  1- 3 |  4- 6 |  7- 9 || total
-------------------------+-------+-------+-------++-------
Melee: Flail             |    88 |   206 |    46 ||   340
       Mace              |       |       |    22 ||    22
  Use: Potion            |       |       |     1 ||     1
  Eat: Ration            |       |     1 |       ||     1
       Chunk             |       |     4 |     2 ||     6
Armor: Scale mail        |    49 |   113 |    29 ||   191
Dodge: Dodged            |    33 |    73 |    27 ||   133
Block: Shield            |    48 |   144 |    32 ||   224

Vault maps used:
D:1:      sevenhm_arrival_forest_fort_small_6
D:2:      first_ration
D:3:      uniq_natasha
D:4:      hangedman_decor_slide_cut, kennysheep_another_room, kennysheep_boxes,
          uniq_crazy_yiuf_cottage

Table legend:
 A = Turns spent in this place as a percentage of turns spent in the entire game.
 B = Non-inter-level travel turns spent in this place as a percentage of non-inter-level travel turns spent in the entire game.
 C = Inter-level travel turns spent in this place as a percentage of turns spent in this place.
 D = Turns resting spent in this place as a percentage of non-inter-level travel turns spent in this place.
 E = Turns spent auto-exploring this place as a percentage of non-inter-level travel turns spent in this place.
 F = Non-inter-level travel turns spent in this place divided by the number of levels of this place that you've seen.
                   A       B       C       D       E      F
               +-------+-------+-------+-------+-------+----------------------
         Total | 100.0 | 100.0 |   0.0 |  18.3 |  50.1 | 969.8
       Dungeon | 100.0 | 100.0 |   0.0 |  18.3 |  50.1 | 969.8
               +-------+-------+-------+-------+-------+----------------------

Table legend:
 A = Kills in this place as a percentage of kills in entire the game.
 B = Kills by you in this place as a percentage of kills by you in the entire game.
 C = Kills by friends in this place as a percentage of kills by friends in the entire game.
 D = Other kills in this place as a percentage of other kills in the entire game.
 E = Experience gained in this place as a percentage of experience gained in the entire game.
 F = Experience gained in this place divided by the number of levels of this place that you have seen.
                   A       B       C       D       E      F
               +-------+-------+-------+-------+-------+----------------------
         Total | 100.0 | 100.0 |   N/A |   N/A | 100.0 | 223.2
       Dungeon | 100.0 | 100.0 |   N/A |   N/A | 100.0 | 223.2
               +-------+-------+-------+-------+-------+----------------------
